AoeStats
← 南良千奈

Lombardia

510112016Analyzed
4v4 RM · 4d ago on Sep 29, 2026· 42m 15s· 8 players
Game mode
Random Map
Map size
Large (8 player)
Population
200
Speed
Normal
Resources
Standard
Victory
Conquest
Starting age
Dark Age
Ending age
Imperial Age
RankedLock teamsTeams togetherTeam positionsShared explorationLock speedFull tech treeHidden civsTurbo modeCheats
Victory
Defeat
🇦🇷 Persians · Argentina
1484
+14
🇫🇮 Slavs · Finland
1408
+17
🇪🇸 Mongols · Spain
1391
+18
🇯🇵 Hindustanis · Japan
1361
+19
🇨🇳 Spanish · China
1510
-21
🇨🇳 Hindustanis · China
1466
-18
🇨🇳 Britons · China
1432
-17
🇨🇳 Huns · China
1322
-12
7777777
9:21 Loom
11:31 Feudal Age
13:38 Horse Collar
16:09 Castle Age
14:30 Double-Bit Axe
18:20 Bow Saw
20:02 Heavy Plow
23:03 Pikeman
24:14 Squires
25:51 Wheelbarrow
31:51 Imperial Age
30:07 Scale Mail Armor
30:17 Forging
30:29 Hand Cart
30:00 Town Watch
31:45 Chain Mail Armor
31:50 Gold Mining
31:56 Halberdier
33:02 Conscription
32:51 Druzhina
33:31 Iron Casting
32:18 Man-at-Arms
33:54 Gold Shaft Mining
33:26 Capped Ram
33:36 Long Swordsman
34:49 Plate Mail Armor
35:20 Blast Furnace
34:15 Two-Handed Swordsman
35:02 Champion
36:33 Siege Ram
41:35 Fletching
pentagonator
6:24 Loom
8:35 Feudal Age
9:59 Double-Bit Axe
19:41 Castle Age
18:15 Horse Collar
18:54 Gold Mining
22:05 Town Watch
23:35 Fletching
23:39 Stone Mining
24:00 Bow Saw
24:35 Bodkin Arrow
25:20 Wheelbarrow
28:32 Hand Cart
29:46 Padded Archer Armor
31:21 Leather Archer Armor
31:26 Bloodlines
31:16 Husbandry
34:08 Imperial Age
32:00 Ballistics
32:31 Stone Shaft Mining
32:34 Gold Shaft Mining
34:37 Masonry
35:05 Bracer
34:28 Elite Mangudai
35:30 Conscription
36:15 Chemistry
36:02 Light Cavalry
37:01 Thumb Ring
37:22 Parthian Tactics
36:58 Hussar
39:02 Scale Barding Armor
39:07 Forging
41:21 Chain Barding Armor
41:36 Iron Casting
42:10 Drill
le El Pepo
9:45 Feudal Age
14:05 Castle Age
12:23 Double-Bit Axe
14:37 Horse Collar
16:49 Loom
23:51 Wheelbarrow
23:10 Pikeman
24:47 Fletching
27:13 Heavy Plow
27:04 Gold Mining
27:32 Bow Saw
31:12 Imperial Age
29:00 Husbandry
30:54 Gold Shaft Mining
30:58 Bloodlines
31:05 Scale Barding Armor
31:45 Hand Cart
31:17 Town Watch
31:08 Cavalier
33:38 Chemistry
36:35 Savar
36:36 Light Cavalry
40:31 Forging
41:16 Chain Barding Armor
41:12 Bodkin Arrow
41:52 Iron Casting
42:39 Thumb Ring
grifon_5th
11:28 Feudal Age
15:03 Castle Age
13:37 Double-Bit Axe
13:50 Loom
15:25 Horse Collar
17:46 Wheelbarrow
21:18 Hand Cart
20:51 Loom
22:33 Bow Saw
22:17 Gold Mining
24:20 Bloodlines
24:10 Husbandry
24:36 Scale Barding Armor
24:42 Forging
27:01 Heavy Plow
28:04 Chain Barding Armor
33:13 Imperial Age
31:34 Iron Casting
32:24 Town Watch
33:58 Stone Mining
34:44 Conscription
34:26 Shatagni
35:00 Heavy Camel Rider
36:19 Plate Barding Armor
36:44 Blast Furnace
37:07 Imperial Camel Rider
38:44 Elite Skirmisher
40:30 Grand Trunk Road
40:48 Thumb Ring
40:35 Fletching
41:16 Padded Archer Armor
41:12 Bodkin Arrow
种田微户
7:24 Loom
7:32 Loom
9:00 Loom
11:27 Feudal Age
18:20 Castle Age
19:43 Fletching
24:42 Double-Bit Axe
24:51 Gold Mining
26:20 Bow Saw
25:53 Horse Collar
26:58 Bodkin Arrow
27:44 Padded Archer Armor
30:39 Leather Archer Armor
31:44 Wheelbarrow
33:13 Gold Shaft Mining
33:02 Heavy Plow
35:43 Hand Cart
36:06 Stone Mining
38:50 Imperial Age
37:25 Scale Barding Armor
37:30 Forging
37:22 Husbandry
37:32 Bloodlines
41:12 Chain Barding Armor
41:27 Iron Casting
羽落千叶
8:36 Feudal Age
9:31 Double-Bit Axe
9:55 Horse Collar
16:18 Loom
19:11 Castle Age
19:17 Forging
21:17 Bow Saw
21:09 Heavy Plow
20:43 Light Cavalry
22:43 Iron Casting
27:24 Wheelbarrow
28:31 Gold Mining
29:00 Hand Cart
29:45 Town Watch
30:22 Scale Barding Armor
31:19 Gold Shaft Mining
32:17 Bloodlines
32:08 Husbandry
34:47 Imperial Age
34:53 Imperial Age
32:21 Stone Mining
35:49 Chain Barding Armor
34:55 Heavy Camel Rider
35:38 Grand Trunk Road
35:39 Shatagni
36:01 Conscription
37:15 Blast Furnace
36:11 Hussar
36:46 Imperial Camel Rider
39:57 Chemistry
40:01 Plate Barding Armor
小西
11:34 Feudal Age
12:51 Double-Bit Axe
16:47 Castle Age
16:52 Horse Collar
17:24 Loom
18:50 Bow Saw
18:41 Heavy Plow
24:04 Wheelbarrow
25:38 Hand Cart
26:11 Stone Mining
27:19 Gold Mining
29:02 Gold Shaft Mining
33:12 Imperial Age
31:14 Fletching
31:48 Ballistics
31:09 Treadmill Crane
31:53 Ballistics
32:07 Bodkin Arrow
33:10 Padded Archer Armor
33:25 Masonry
33:26 Fortified Wall
34:37 Conscription
33:38 Elite Longbowman
34:53 Caravan
37:18 Chemistry
36:50 Architecture
36:29 Bracer
36:57 Guard Tower
37:17 Arrowslits
37:55 Leather Archer Armor
37:42 Scale Mail Armor
37:52 Forging
38:11 Pikeman
38:52 Squires
39:25 Ring Archer Armor
40:14 Keep
39:34 Halberdier
41:31 Two-Man Saw
40:53 Chain Mail Armor
40:49 Forging
43:08 Plate Mail Armor
42:48 Forging
南良千奈
11:03 Feudal Age
14:51 Castle Age
13:28 Double-Bit Axe
17:21 Bow Saw
17:02 Loom
17:06 Loom
22:37 Wheelbarrow
26:00 Horse Collar
29:59 Imperial Age
27:59 Gold Mining
28:06 Stone Mining
29:21 Bloodlines
29:12 Husbandry
29:16 Padded Archer Armor
30:29 Stone Shaft Mining
30:10 Heavy Plow
30:39 Elite Conquistador
32:00 Leather Archer Armor
32:40 Conscription
33:38 Hand Cart
33:55 Ring Archer Armor
34:57 Scale Mail Armor
35:07 Forging
35:24 Pikeman
37:00 Halberdier
37:58 Chain Mail Armor
39:24 Plate Mail Armor
39:44 Iron Casting
40:11 Chemistry
Connection lost

Rejoining the realm…

Still unreachable

The connection could not be restored.

Session expired

The server has moved on; the page needs a fresh start.